PUB
SAN FRANCISCO MEATBALLS @ TORONTO BLUE JAYS
04/04/1972
 
TOP OF THE 1ST
San Francisco Meatballs batting - Pitching for Toronto Blue Jays : RHP Ogai Nakayama
Pitching: RHP Ogai Nakayama
Batting: LHB José Otero 0-0: Ball
1-0: Ground out 4-3 (Groundball, 4S, EV 81.3 MPH)
Batting: SHB Daniel Taylor 0-0: Ball
1-0: Ball
2-0: Fly out, F7 (Flyball, 7, EV 96.9 MPH)
Batting: LHB Jonathan Norton 0-0: Ball
1-0: Ball
2-0: Called Strike
2-1: Fly out, F8 (Flyball, 8RXD, EV 95.6 MPH)
Top of the 1st over - 0 runs, 0 hits, 0 errors, 0 left on base; San Francisco 0 - Toronto 0
BOTTOM OF THE 1ST
Toronto Blue Jays batting - Pitching for San Francisco Meatballs : RHP Masazumi Chikafuji
Pitching: RHP Masazumi Chikafuji
Batting: RHB Waylon Castro 0-0: Ball
1-0: SINGLE (Groundball, 15S, EV 66.9 MPH) (infield hit)
Batting: RHB Michael McKee 0-0: Ball
1-0: Ball
2-0: Foul Ball, location: 5FF
2-1: Foul Ball, location: 2F
2-2: Ball
3-2: Ground out 5-3 (Groundball, 56, EV 105.6 MPH)
Waylon Castro to second
Batting: LHB Willie Stargell 0-0: Called Strike
Waylon Castro is caught stealing 3rd base 2-5
0-1: SOLO HOME RUN (Line Drive, 7LD, EV 97.5 MPH), Distance : 352 ft
Batting: RHB Danny Britt 0-0: Ball
1-0: SOLO HOME RUN (Flyball, 9LD, EV 95.0 MPH), Distance : 344 ft
Batting: LHB Edgar Ledesma 0-0: Foul Ball, location: 2F
0-1: Ball
1-1: Foul Ball, location: 2LF
1-2: Ball
2-2: Fly out, F7 (Flyball, 7S, EV 89.4 MPH)
Bottom of the 1st over - 2 runs, 3 hits, 0 errors, 0 left on base; San Francisco 0 - Toronto 2
TOP OF THE 2ND
San Francisco Meatballs batting - Pitching for Toronto Blue Jays : RHP Ogai Nakayama
Batting: LHB Jorge López 0-0: Called Strike
0-1: Called Strike
0-2: Ball
1-2: Ball
2-2: Ball
3-2: Foul Ball, location: 7LMF
3-2: Strikes out swinging
Batting: SHB Munenori Sato 0-0: Ball
1-0: Ground out 4-3 (Groundball, 4, EV 100.6 MPH)
Batting: RHB Daniel MacGuffie 0-0: Called Strike
0-1: Foul Ball, location: 2F
0-2: Strikes out looking
Top of the 2nd over - 0 runs, 0 hits, 0 errors, 0 left on base; San Francisco 0 - Toronto 2
BOTTOM OF THE 2ND
Toronto Blue Jays batting - Pitching for San Francisco Meatballs : RHP Masazumi Chikafuji
Batting: RHB Amos Otis 0-0: Ground out 5-3 (Groundball, 56S, EV 84.4 MPH)
Batting: RHB Jim Fregosi 0-0: Ground out 1-3 (Groundball, 15S, EV 71.3 MPH)
Batting: RHB Howard Brown 0-0: Ball
1-0: Ball
2-0: Ball
3-0: Called Strike
3-1: Base on Balls
Batting: RHB Ogai Nakayama 0-0: Called Strike
0-1: Called Strike
0-2: Ball
1-2: Foul Ball, location: 5DF
1-2: Foul Ball, location: 5F
1-2: Strikes out swinging
Bottom of the 2nd over - 0 runs, 0 hits, 0 errors, 1 left on base; San Francisco 0 - Toronto 2
TOP OF THE 3RD
San Francisco Meatballs batting - Pitching for Toronto Blue Jays : RHP Ogai Nakayama
Batting: LHB Johnny Edwards 0-0: Called Strike
0-1: Ball
1-1: Swinging Strike
1-2: Strikes out looking
Batting: RHB Dave Concepcion 0-0: Called Strike
0-1: Swinging Strike
0-2: Ground out 6-3 (Groundball, 6, EV 76.3 MPH)
Batting: RHB Masazumi Chikafuji 0-0: Ball
1-0: Ball
2-0: Ball
3-0: Called Strike
3-1: Fly out, F8 (Flyball, 8LD, EV 96.9 MPH)
Top of the 3rd over - 0 runs, 0 hits, 0 errors, 0 left on base; San Francisco 0 - Toronto 2
BOTTOM OF THE 3RD
Toronto Blue Jays batting - Pitching for San Francisco Meatballs : RHP Masazumi Chikafuji
Batting: RHB Waylon Castro 0-0: Called Strike
0-1: Ground out 6-3 (Groundball, 6S, EV 81.3 MPH)
Batting: RHB Michael McKee 0-0: Foul Ball, location: 3F
0-1: Called Strike
0-2: Ball
1-2: Ball
2-2: Foul Ball, location: 2F
2-2: Ball
3-2: Base on Balls
Batting: LHB Willie Stargell 0-0: Called Strike
0-1: Called Strike
0-2: Ball
1-2: Ball
2-2: Foul Ball, location: 7LDF
2-2: Strikes out swinging
Batting: RHB Danny Britt 0-0: Called Strike
0-1: Foul Ball, location: 7LMF
0-2: Ball
1-2: Strikes out swinging
Bottom of the 3rd over - 0 runs, 0 hits, 0 errors, 1 left on base; San Francisco 0 - Toronto 2
TOP OF THE 4TH
San Francisco Meatballs batting - Pitching for Toronto Blue Jays : RHP Ogai Nakayama
Batting: LHB José Otero 0-0: Ball
1-0: Called Strike
1-1: Fly out, F9 (Line Drive, 9, EV 86.9 MPH)
Batting: SHB Daniel Taylor 0-0: Foul Ball, location: 3F
0-1: Called Strike
0-2: Fly out, F7 (Flyball, 78M, EV 104.4 MPH)
Batting: LHB Jonathan Norton 0-0: Ball
1-0: Ball
2-0: DOUBLE (Flyball, 8LXD, EV 100.6 MPH)
Batting: LHB Jorge López 0-0: Ball
1-0: Called Strike
1-1: Swinging Strike
1-2: Fly out, F9 (Flyball, 9D, EV 103.1 MPH)
Top of the 4th over - 0 runs, 1 hit, 0 errors, 1 left on base; San Francisco 0 - Toronto 2
BOTTOM OF THE 4TH
Toronto Blue Jays batting - Pitching for San Francisco Meatballs : RHP Masazumi Chikafuji
Batting: LHB Edgar Ledesma 0-0: Called Strike
0-1: Called Strike
0-2: Strikes out swinging
Batting: RHB Amos Otis 0-0: Ball
1-0: Ball
2-0: Ball
3-0: SINGLE (Groundball, 34D, EV 101.3 MPH)
Batting: RHB Jim Fregosi 0-0: Fielders Choice at 2nd, 1-4 (Groundball, P, EV 61.3 MPH)
Batting: RHB Howard Brown 0-0: Ball
1-0: Called Strike
1-1: Ball
2-1: Ball
3-1: Fly out, F9 (Flyball, 9, EV 94.4 MPH)
Bottom of the 4th over - 0 runs, 1 hit, 0 errors, 1 left on base; San Francisco 0 - Toronto 2
TOP OF THE 5TH
San Francisco Meatballs batting - Pitching for Toronto Blue Jays : RHP Ogai Nakayama
Batting: SHB Munenori Sato 0-0: Ground out U3 (Groundball, 3, EV 94.4 MPH)
Batting: RHB Daniel MacGuffie 0-0: SINGLE (Line Drive, 7S, EV 86.9 MPH)
Batting: LHB Johnny Edwards 0-0: SINGLE (Line Drive, 8LS, EV 104.4 MPH)
Daniel MacGuffie to second
Batting: RHB Dave Concepcion 0-0: Ball
Passed Ball!
Daniel MacGuffie to third
Johnny Edwards to second
1-0: Intentional Walk
Batting: RHB Masazumi Chikafuji 0-0: Foul Ball, location: 3DF
0-1: Ball
1-1: Ball
2-1: Ball
3-1: Foul Ball, location: 9LSF
3-2: Strikes out swinging
Batting: LHB José Otero 0-0: Ball
1-0: Swinging Strike
1-1: Foul Ball, location: 23F
1-2: Ball
2-2: Foul Ball, location: 23F
2-2: Ball
3-2: SINGLE (Groundball, 4S, EV 76.3 MPH) (infield hit)
Daniel MacGuffie scores
Johnny Edwards to third
Dave Concepcion to second
Batting: SHB Daniel Taylor 0-0: Ball
1-0: Called Strike
1-1: Called Strike
1-2: Ball
2-2: Strikes out swinging
Top of the 5th over - 1 run, 3 hits, 0 errors, 3 left on base; San Francisco 1 - Toronto 2
BOTTOM OF THE 5TH
Toronto Blue Jays batting - Pitching for San Francisco Meatballs : RHP Masazumi Chikafuji
Batting: RHB Ogai Nakayama 0-0: Foul Ball, location: 2F
0-1: Foul Ball, location: 2RF
0-2: Ball
1-2: Strikes out swinging
Batting: RHB Waylon Castro 0-0: Ball
1-0: Foul Ball, location: 25F
1-1: Swinging Strike
1-2: Foul Ball, location: 5SF
1-2: Ball
2-2: Ball
3-2: Base on Balls
Batting: RHB Michael McKee 0-0: Ball
1-0: Called Strike
1-1: Fly out, F7 (Flyball, 7, EV 86.3 MPH)
Batting: LHB Willie Stargell 0-0: Ball
1-0: Ball
2-0: Ball
3-0: Called Strike
3-1: Fielders Choice at 2nd, U6 (Groundball, 6M, EV 85.0 MPH)
Bottom of the 5th over - 0 runs, 0 hits, 0 errors, 1 left on base; San Francisco 1 - Toronto 2
TOP OF THE 6TH
San Francisco Meatballs batting - Pitching for Toronto Blue Jays : RHP Ogai Nakayama
Batting: LHB Jonathan Norton 0-0: Ball
1-0: SINGLE (Line Drive, 89S, EV 104.4 MPH)
Batting: LHB Jorge López 0-0: Called Strike
0-1: Swinging Strike
0-2: Ball
1-2: Ball
2-2: Ball
3-2: Foul Ball, location: 9LMFF
3-2: Strikes out swinging
Batting: SHB Munenori Sato 0-0: Ball
1-0: TRIPLE (Flyball, 8LXD, EV 105.6 MPH)
Jonathan Norton scores
Batting: RHB Daniel MacGuffie 0-0: Foul Ball, location: 7LDF
0-1: Ball
1-1: Ball
2-1: Foul Ball, location: 2F
2-2: Strikes out looking
Batting: LHB Johnny Edwards 0-0: Called Strike
0-1: Ball
1-1: Called Strike
1-2: Ball
2-2: Ball
3-2: Fly out, F8 (Flyball, 8RD, EV 97.5 MPH)
Top of the 6th over - 1 run, 2 hits, 0 errors, 1 left on base; San Francisco 2 - Toronto 2
BOTTOM OF THE 6TH
Toronto Blue Jays batting - Pitching for San Francisco Meatballs : RHP Masazumi Chikafuji
Batting: RHB Danny Britt 0-0: Called Strike
0-1: Ball
1-1: Ball
2-1: SINGLE (Line Drive, 89M, EV 98.8 MPH)
Batting: LHB Edgar Ledesma 0-0: Swinging Strike
0-1: Called Strike
0-2: Ball
1-2: Strikes out swinging
Batting: RHB Amos Otis 0-0: Foul Ball, location: 2F
0-1: Ball
1-1: Ball
2-1: Swinging Strike
2-2: Strikes out swinging
Batting: RHB Jim Fregosi 0-0: Called Strike
0-1: Ball
1-1: Ball
Wild Pitch!
Danny Britt to second
2-1: DOUBLE (Line Drive, 7LM, EV 96.9 MPH)
Danny Britt scores
Batting: RHB Howard Brown 0-0: Intentional Walk
Pinch Runner at 2nd Steve Craig:
Batting: RHB Ogai Nakayama 0-0: Ball
1-0: Foul Ball, location: 2F
1-1: SINGLE (Line Drive, 9S, EV 100.6 MPH)
Steve Craig to third
Howard Brown to second
Runner from 3rd tries for Home, throw by RF and OUT! 9-2
Bottom of the 6th over - 1 run, 3 hits, 0 errors, 2 left on base; San Francisco 2 - Toronto 3
TOP OF THE 7TH
San Francisco Meatballs batting - Pitching for Toronto Blue Jays : RHP Ogai Nakayama
Now at SS: Steve Craig
Pinch Hitting: LHB Larry Richardson 0-0: Ball
1-0: Foul Ball, location: 3F
1-1: DOUBLE (Flyball, 8LXD, EV 106.9 MPH)
Batting: RHB Masazumi Chikafuji 0-0: Ball
1-0: Bunted foul
1-1: Ball
2-1: Bunted foul
2-2: Bunted foul, Strikeout!
Batting: LHB José Otero 0-0: Called Strike
0-1: Swinging Strike
0-2: Strikes out swinging
Batting: SHB Daniel Taylor 0-0: Called Strike
0-1: Swinging Strike
0-2: Ball
1-2: Strikes out looking
Top of the 7th over - 0 runs, 1 hit, 0 errors, 1 left on base; San Francisco 2 - Toronto 3
BOTTOM OF THE 7TH
Toronto Blue Jays batting - Pitching for San Francisco Meatballs : RHP Masazumi Chikafuji
Now at SS: Dale Sledge
Batting: RHB Waylon Castro 0-0: Swinging Strike
0-1: Ball
1-1: Swinging Strike
1-2: Ball
2-2: Strikes out looking
Pitching: LHP Dick Ellsworth
Batting: RHB Michael McKee 0-0: Ball
1-0: Fly out, F7 (Flyball, 7, EV 97.5 MPH)
Batting: LHB Willie Stargell 0-0: Foul Ball, location: 2F
0-1: Ball
1-1: Ball
2-1: Ball
3-1: Foul Ball, location: 2RF
3-2: Foul Ball, location: 25F
3-2: Foul Ball, location: 25F
3-2: Fly out, F9 (Flyball, 89S, EV 88.8 MPH)
Bottom of the 7th over - 0 runs, 0 hits, 0 errors, 0 left on base; San Francisco 2 - Toronto 3
TOP OF THE 8TH
San Francisco Meatballs batting - Pitching for Toronto Blue Jays : RHP Ogai Nakayama
Batting: LHB Jonathan Norton 0-0: Ball
1-0: Foul Ball, location: 7LDF
1-1: Ball
2-1: SINGLE (Line Drive, 8RS, EV 86.3 MPH)
Batting: LHB Jorge López 0-0: Ball
1-0: Swinging Strike
1-1: Swinging Strike
1-2: Foul Ball, location: 2F
1-2: Foul Ball, location: 2F
1-2: Foul Ball, location: 7LMF
1-2: Strikes out looking
Batting: SHB Munenori Sato 0-0: Called Strike
0-1: Ball
1-1: Swinging Strike
1-2: Foul Ball, location: 2F
1-2: Ball
2-2: Strikes out swinging
Pitching: RHP Lew Krausse Jr
Batting: RHB Daniel MacGuffie 0-0: Foul Ball, location: 2F
0-1: Ball
1-1: SINGLE (Flyball, 34D, EV 97.5 MPH)
Jonathan Norton to second
Runner from 2nd tries for 3rd, SAFE, throw by RF made to third
Batting: LHB Johnny Edwards 0-0: Fly out, F9 (Flyball, 9S, EV 86.9 MPH)
Top of the 8th over - 0 runs, 2 hits, 0 errors, 2 left on base; San Francisco 2 - Toronto 3
BOTTOM OF THE 8TH
Toronto Blue Jays batting - Pitching for San Francisco Meatballs : LHP Dick Ellsworth
Pitching: RHP Armando Negrete
Now at C: Jake Brown
Batting: RHB Danny Britt 0-0: Ball
1-0: Swinging Strike
1-1: Called Strike
1-2: Foul Ball, location: 2F
1-2: Ground out U3 (Groundball, 34S, EV 72.5 MPH)
Batting: LHB Edgar Ledesma 0-0: Ball
1-0: Ball
2-0: Swinging Strike
2-1: Called Strike
2-2: Ball
3-2: Strikes out swinging
Batting: RHB Amos Otis 0-0: Called Strike
0-1: Ball
1-1: Ball
2-1: Ball
3-1: Swinging Strike
3-2: Strikes out swinging
Bottom of the 8th over - 0 runs, 0 hits, 0 errors, 0 left on base; San Francisco 2 - Toronto 3
TOP OF THE 9TH
San Francisco Meatballs batting - Pitching for Toronto Blue Jays : RHP Lew Krausse Jr
Pitching: LHP Steve Carlton
Now at 1B: Walt Bates
Batting: RHB Dale Sledge 0-0: Called Strike
0-1: Foul Ball, location: 2F
0-2: Ball
1-2: Foul Ball, location: 2F
1-2: Foul Ball, location: 3F
1-2: Ball
2-2: SINGLE (Groundball, 34D, EV 105.0 MPH)
Batting: RHB Jake Brown 0-0: Sac Bunt to P - play at first, batter OUT! 1-3
Dale Sledge to second
Pinch Hitting: RHB Terry Williams 0-0: Called Strike
0-1: Ball
1-1: Called Strike
1-2: Foul Ball, location: 2F
1-2: Strikes out swinging
Batting: SHB Daniel Taylor 0-0: Called Strike
0-1: Called Strike
0-2: Ball
1-2: Foul Ball, location: 9LMF
1-2: Ball
2-2: DOUBLE (Flyball, 8LXD, EV 112.5 MPH)
Dale Sledge scores
Batting: LHB Jonathan Norton 0-0: Intentional Walk
Batting: LHB Jorge López 0-0: Fly out, F7 (Flyball, 7D, EV 102.5 MPH)
Top of the 9th over - 1 run, 2 hits, 0 errors, 2 left on base; San Francisco 3 - Toronto 3
BOTTOM OF THE 9TH
Toronto Blue Jays batting - Pitching for San Francisco Meatballs : RHP Armando Negrete
Now in LF: Nathan McClain
Now in CF: Daniel Taylor
Batting: RHB Steve Craig 0-0: Called Strike
0-1: Ball
1-1: Called Strike
1-2: SINGLE (Line Drive, 7S, EV 100.0 MPH)
Batting: RHB Howard Brown 0-0: Ball
1-0: Called Strike
1-1: Ball
2-1: Foul Ball, location: 9LMF
2-2: Foul Ball, location: 2RF
2-2: Foul Ball, location: 23F
2-2: Strikes out swinging
Pinch Hitting: LHB Bo Meza 0-0: Ball
1-0: Ball
Steve Craig is caught stealing 2nd base 2-6
2-0: Foul Ball, location: 2F
2-1: Ball
3-1: Fly out, F4 (Popup, 4D, EV 69.4 MPH)
Bottom of the 9th over - 0 runs, 1 hit, 0 errors, 0 left on base; San Francisco 3 - Toronto 3
TOP OF THE 10TH
San Francisco Meatballs batting - Pitching for Toronto Blue Jays : LHP Steve Carlton
Pitching: LHP Marcelino Lopez
Now at 1B: Masahiro Sakai
Batting: SHB Munenori Sato 0-0: SINGLE (Groundball, 6MD, EV 105.6 MPH)
Batting: RHB Daniel MacGuffie 0-0: Called Strike
0-1: Ball
1-1: Sac Bunt to 2R - play at second, runner OUT! 2-6
Batting: RHB Armando Negrete 0-0: Bunted foul
0-1: Bunted foul
0-2: Bunted foul, Strikeout!
Batting: RHB Dale Sledge 0-0: Ball
1-0: Ball
2-0: Ball
3-0: Base on Balls
Daniel MacGuffie to second
Batting: RHB Jake Brown 0-0: Ball
1-0: 3-RUN HOME RUN (Flyball, 9LD, EV 98.1 MPH), Distance : 346 ft
Pitching: LHP Al Downing
Batting: SHB Nathan McClain 0-0: Ball
1-0: Ball
2-0: Foul Ball, location: 5DF
2-1: DOUBLE (Line Drive, 7LM, EV 108.8 MPH)
Batting: SHB Daniel Taylor 0-0: SINGLE (Line Drive, 89M, EV 108.1 MPH)
Nathan McClain to third
Runner from 3rd tries for Home, throw by RF and OUT! 9-2
Top of the 10th over - 3 runs, 4 hits, 0 errors, 1 left on base; San Francisco 6 - Toronto 3
BOTTOM OF THE 10TH
Toronto Blue Jays batting - Pitching for San Francisco Meatballs : RHP Armando Negrete
Batting: RHB Waylon Castro 0-0: Hit by Pitch
Batting: RHB Michael McKee 0-0: Ball
1-0: Foul Ball, location: 5F
1-1: Swinging Strike
1-2: Ball
2-2: Foul Ball, location: 2F
2-2: Strikes out swinging
Pitching: RHP Armando Martínez
Pinch Hitting: LHB Floyd Robinson 0-0: Called Strike
0-1: Swinging Strike
0-2: Ball
1-2: Strikes out swinging
Batting: RHB Danny Britt 0-0: Ball
1-0: Ball
2-0: Ball
3-0: Called Strike
3-1: Called Strike
3-2: Base on Balls
Waylon Castro to second
Batting: LHB Edgar Ledesma 0-0: Ball
1-0: Called Strike
1-1: Ball
2-1: Swinging Strike
2-2: Ball
3-2: Strikes out swinging
Bottom of the 10th over - 0 runs, 0 hits, 0 errors, 2 left on base; San Francisco 6 - Toronto 3
Wednesday, February 21st , 2024 - OOTP Baseball 24.8 Build 75